 Dungeon Crawl Stone Soup version 0.31-a0-675-g238779eb0a (webtiles) character file.

Game seed: 8401798779548985223

184 randomguy2701 the Chopper (level 5, -1/47 HPs)
             Began as a Hill Orc Fighter on Sept 6, 2023.
             Slain by an orc
             ... wielding a +0 war axe
              (5 damage)
             ... on level 3 of the Dungeon.
             The game lasted 00:01:22 (1684 turns).

randomguy2701 the Chopper (Hill Orc Fighter)        Turns: 1684, Time: 00:01:22

Health: -1/47      AC:  7    Str: 19    XL:     5   Next: 63%
Magic:  5/5        EV:  9    Int:  8    God:
Gold:   90         SH:  0    Dex: 12    Spells: 4/4 levels left

rFire   . . .        a - +0 war axe
rCold   . . .        c - +0 buckler
rNeg    . . .        b - +0 scale mail
rPois   .            (no helmet)
rElec   .            (no cloak)
rCorr   .            (no gloves)
SInv    .            (no boots)
Will    .....        (no amulet) Stlth
                     (no ring)
HPRegen 0.27/turn    (no ring)
MPRegen 0.09/turn

%: no passive effects
@: confused
A: no striking features
a: no special abilities


You were on level 3 of the Dungeon.
You visited 1 branch of the dungeon, and saw 3 of its levels.

You collected 90 gold pieces.

Inventory:

Hand Weapons
 a - a +0 war axe (weapon)
Armour
 b - a +0 scale mail (worn)
 c - a +0 buckler (worn)
Jewellery
 i - a ring of ice
Scrolls
 e - a scroll of enchant weapon {unknown}
 f - a scroll of fear {unknown}
 g - a scroll of fog {unknown}
 k - 2 scrolls of immolation
 l - 4 scrolls of poison {unknown}
Potions
 d - a potion of might
 h - a potion of magic {unknown}
 j - a potion of degeneration {unknown}


   Skills:
 + Level 4.6 Fighting
 + Level 5.5 Axes
 + Level 4.1 Armour
 + Level 0.3 Dodging
 + Level 0.5 Stealth
 + Level 3.5 Shields


You had 4 spell levels left.
You didn't know any spells.
Your spell library contained the following spells:

 Spells                   Type           Power      Damage    Failure   Level
 Haunt                    Necr/Summ      0%         N/A       100%        7
 Borgnjor's Revivificati  Necr           0%         N/A       100%        8
 Death's Door             Necr           0%         N/A       100%        9


Dungeon Overview and Level Annotations

Branches:
Dungeon (3/15)

Altars:


Message History

You closely miss the gnoll.
The gnoll is almost dead.
You miss something. The gnoll barely misses you.
Something hits you but does no damage.
There are monsters nearby!
You hit the gnoll.
You kill the gnoll!
You closely miss something.
You hear some strange, mumbled words.
You are confused.
You hear some strange, mumbled words.
A puff of flame appears from out of thin air!
The puff of flame hits you! The orc barely misses you.
You are too confused!
You are too confused!
An orc is nearby!
Unknown command.
You are too confused!
You slash something! You miss the orc. The orc hits you with a +0 war axe.
You hear some strange, mumbled words.
A magic dart appears from out of thin air!
The magic dart hits you!
You bump into the stone wall.
The orc hits you with a +0 war axe.
You hear some strange, mumbled words.
A puff of flame appears from out of thin air!
The puff of flame hits you.
* * * LOW HITPOINT WARNING * * *
You slash something!
Reactivating autopickup.
You feel a bit more experienced.
You barely miss the orc. The orc hits you but does no damage.
The orc hits you with a +0 war axe!
* * * LOW HITPOINT WARNING * * *
Things that are here:
a +0 dagger; a +0 robe; an orc corpse You bump into the stone wall.
An orc comes into view. It is wielding a +0 hand axe.
The orc barely misses you.
You're too confused to move!
The orc hits you with a +0 war axe.
You die...

#o############
#......@'....+
#......o#....#
#.......#....#
#########''''###########
....................
~~≈~~....~≈~~~~≈~~~~
~≈≈≈~....~≈≈≈≈≈≈≈≈≈≈
~~~~~....)~~~~~~~~~~
.......†............


You could see 2 orcs.

Vanquished Creatures
  An orc wizard (D:3)
  5 gnolls (D:3)
  4 adders
  3 dart slugs
  A worm (D:2)
  An orc (D:3)
  8 ball pythons
  5 endoplasms
  A giant cockroach (D:2)
  6 goblins
  5 hobgoblins
  8 jackals
  4 quokkas
  4 bats
  5 frilled lizards
  3 kobolds
  3 rats
67 creatures vanquished.

Notes
Turn   | Place    | Note
-------+----------+-------------------------------------------
     0 | D:1      | randomguy2701 the Hill Orc Fighter began the quest for the
                  | Orb.
     0 | D:1      | Reached XP level 1. HP: 19/19 MP: 1/1
    98 | D:1      | Reached XP level 2. HP: 25/27 MP: 2/2
   188 | D:1      | Reached skill level 3 in Axes
   292 | D:1      | Reached XP level 3. HP: 30/33 MP: 3/3
   916 | D:2      | Reached skill level 4 in Axes
   927 | D:2      | Reached XP level 4. HP: 38/40 MP: 4/4
  1125 | D:2      | Found a faded altar of an unknown god.
  1550 | D:3      | Reached XP level 5. HP: 47/47 MP: 5/5
  1599 | D:3      | Reached skill level 5 in Axes
  1684 | D:3      | Slain by an orc

Illustrated notes

Levels and vault maps discovered:
D:1:      roderic_chinese_lattice_arrival, layout_basic
D:2:      layout_loops_ring, hellmonk_ecumenical_altar_blasted
D:3:      lemuel_castle_with_subvaults [lemuel_castle_interior_carwin_3],
          layout_loops_cross, mainiacjoe_overflow_24_doors

Skill      XL: |  1  2  3  4  5 |
---------------+----------------+-----
Axes           | 3 4 5 |  5.5
Fighting       | 4 |  4.6
Armour         | 4 |  4.1
Dodging        | |  0.3
Stealth        | |  0.5
Shields        | |  3.5

Action                     |  1- 3 |  4- 6 || total
---------------------------+-------+-------++-------
  Melee: War axe           |    94 |    95 ||   189
 Armour: Scale mail        |    61 |    70 ||   131
  Dodge: Dodged            |    42 |    60 ||   102
  Block: Buckler           |    19 |    20 ||    39

Table legend: (Time is in decaauts)
 A = Elapsed time spent in this place.
 B = Non-inter-level travel time spent in this place.
 C = Inter-level travel time spent in this place.
 D = Time resting spent in this place.
 E = Time spent auto-exploring this place.
 F = Levels seen in this place.
 G = Mean time per level.
                   A        B        C        D        E       F      G
               +--------+--------+--------+--------+--------+-----+--------+
         Total |   1747 |   1685 |     62 |      0 |   1298 |   3 |  582.3 |
       Dungeon |   1747 |   1685 |     62 |      0 |   1298 |   3 |  582.3 |
               +--------+--------+--------+--------+--------+-----+--------+

Top non-repeatable levels by time:
     D:2: 870 daAuts
     D:1: 590 daAuts
     D:3: 286 daAuts
